 Dungeon Crawl Stone Soup version 0.31-a0-263-ge8cad7f256 (webtiles) character file.

Game seed: 7085165362458368903

1403 qw the Skirmisher (level 8, -1/70 HPs)
             Began as a Minotaur Hexslinger on July 13, 2023.
             Succumbed to an orc wizard's poison
             ... on level 5 of the Dungeon.
             The game lasted 00:01:53 (4584 turns).

qw the Skirmisher (Minotaur Hexslinger)             Turns: 4584, Time: 00:01:54

Health: -1/70      AC:  8    Str: 13    XL:     8   Next: 42%
Magic:  8/8        EV: 19    Int: 10    God:
Gold:   221        SH:  0    Dex: 18    Spells: 8/9 levels left

rFire   . . .        Y - +4 sling
rCold   . . .        (no shield)
rNeg    . . .        c - +2 leather armour of Bariaf {Dex+3}
rPois   .            (helmet restricted)
rElec   .            (no cloak)
rCorr   +            h - +2 pair of gloves
SInv    .            (no boots)
Will    .....        (no amulet)
Stlth   +            b - +5 ring of evasion
HPRegen 0.31/turn    j - ring of resist corrosion
MPRegen 0.11/turn

%: no passive effects
@: lethally poisoned (-1 -> -16)
A: horns 2, retaliatory headbutt
a: no special abilities


You were on level 5 of the Dungeon.
You visited 2 branches of the dungeon, and saw 6 of its levels.

You collected 221 gold pieces.


Innate Abilities, Weirdness & Mutations

You have a pair of horns on your head.
You reflexively headbutt those who attack you in melee.


   Skills:
 - Level 6.0 Fighting
 + Level 9.2 Ranged Weapons
 - Level 1.3 Armour
 - Level 4.5 Dodging
 - Level 1.0 Spellcasting
 - Level 2.0 Hexes


You had 8 spell levels left.
You knew the following spells:

 Your Spells              Type           Power      Damage    Failure   Level
a - Slow                  Hex            16%        N/A       19%         1

Your spell library contained the following spells:

 Spells                   Type           Power      Damage    Failure   Level
 Inner Flame              Hex/Fire       2%         N/A       65%         3
 Portal Projectile        Hex/Tloc       4%         N/A       65%         3
 Cause Fear               Hex            2%         N/A       88%         4

Inventory:

Hand Weapons
 Y - a +4 sling (weapon)
Armour
 c - the +2 leather armour of Bariaf (worn) {Dex+3}
   (You found it on level 3 of the Dungeon)

   Dex:       It affects your dexterity (+3).
 h - a +2 pair of gloves (worn)
 n - a +1 leather armour of fire resistance
Jewellery
 b - a +5 ring of evasion (left hand)
 j - a ring of resist corrosion (right hand)
 m - a ring of positive energy
Scrolls
 d - a scroll of summoning {unknown}
 k - 3 scrolls of identify
Potions
 a - a potion of might
 e - a potion of enlightenment {unknown}
 f - a potion of haste {unknown}
 g - a potion of resistance {unknown}
 i - a potion of degeneration {unknown}
 l - a potion of curing {unknown}

Dungeon Overview and Level Annotations

Branches:
Dungeon (5/15)             Temple (1/1) D:5

Altars:
Dithmenos
Elyvilon
Gozag
Hepliaklqana
Kikubaaqudgha
Qazlal
Sif Muna
Vehumet
Xom


Message History

Something hits you but does no damage.
You are more poisoned.
The orc priest begins to cast a cantrip, but forgets the words!
You shoot a sling bullet. The sling bullet hits the orc priest.
The orc priest is heavily wounded.
You feel very sick. Something hits you but does no damage.
You are more poisoned.
The orc priest hits you but does no damage.
You shoot a sling bullet.
The sling bullet completely misses the orc priest.
You feel very sick. Something closely misses you.
The orc priest hits you but does no damage.
You shoot a sling bullet.
The sling bullet barely misses the orc priest.
You feel very sick. Something hits you but does no damage.
You are lethally poisoned!
The orc priest hits you with a +0 dagger.
You shoot a sling bullet. The sling bullet hits the orc priest.
The orc priest is heavily wounded.
You feel very sick. Something misses you.
The orc priest hits you but does no damage.
You shoot a sling bullet. The sling bullet hits the orc priest.
The orc priest is almost dead.
You feel very sick. Something hits you.
You are more poisoned.
The orc priest misses you. You furiously retaliate!
You headbutt the orc priest.
You kill the orc priest!
You shoot a sling bullet.
You feel very sick. Something hits you but does no damage.
You shoot a sling bullet.
You feel very sick. Something closely misses you.
You shoot a sling bullet.
You die...

#...########
#...........
#...######## #####.##
#####.....##
#..........#
#.###.####.# #.# #.#
#)# #.# #.# #@#
#.###.## #{>)...#
#####.##...##########
#..................#
#.##.###%..#######.#
#.##.# ##.## #.#
#.##.#
#.########.########
#.##.#
#.#...............#
#.##.#
#.#.#####...#####.#


There were no monsters in sight!

Vanquished Creatures
  Grinder (D:5)
  Eustachio (D:4)
  Menkaure (D:4)
  2 ogres
  2 phantoms
  4 scorpions (D:5)
  A hound (D:4)
  3 orc priests
  2 iguanas
  An orc wizard (D:5)
  3 gnolls (D:5)
  8 adders
  2 white imps (D:5)
  An ufetubus (D:5)
  A worm (D:2)
  6 dart slugs
  7 orcs
  4 bats
  7 endoplasms
  4 giant cockroaches
  6 goblins
  7 hobgoblins
  5 kobolds
  3 quokkas
  4 ball pythons
  6 frilled lizards
  4 rats
96 creatures vanquished.

Vanquished Creatures (others)
  An orc (D:5)
1 creature vanquished.

Grand Total: 97 creatures vanquished

Notes
Turn   | Place    | Note
-------+----------+-------------------------------------------
     0 | D:1      | qw the Minotaur Hexslinger began the quest for the Orb.
     0 | D:1      | Reached XP level 1. HP: 16/16 MP: 1/1
     0 | D:1      | 0 ||| qw: Version: 0.3-a-52-g30416fa
     0 | D:1      | 0 ||| qw: Game counter: 7095
     0 | D:1      | 0 ||| qw: Melee chars always use a shield: true
     0 | D:1      | 0 ||| qw: God list: Okawaru
     0 | D:1      | 0 ||| qw: Allow faded altars: false
     0 | D:1      | 0 ||| qw: Do Orc after clearing Dungeon:15 true
     0 | D:1      | 0 ||| qw: Do second Lair branch before Depths: true
     0 | D:1      | 0 ||| qw: Lair rune preference: random
     0 | D:1      | 0 ||| qw: Goals: Normal
     0 | D:1      | 0 ||| PLANNING D:1-11
   155 | D:1      | Reached skill level 3 in Ranged Weapons
   155 | D:1      | Reached XP level 2. HP: 23/23 MP: 2/2
   301 | D:1      | 301 ||| FLEEEEING.
   568 | D:1      | Reached XP level 3. HP: 29/29 MP: 3/3
   836 | D:1      | 836 ||| UPGRADING to +0 leather armour.
   846 | D:1      | 846 ||| DROPPING +0 robe.
   847 | D:1      | 847 ||| READING 2 scrolls labelled RIOMIBB JIREJU.
   848 | D:1      | 848 ||| READING scroll of brand weapon.
   848 | D:1      | 848 ||| BRANDING +1 sling of flaming.
   849 | D:1      | 849 ||| READING scroll labelled DIJIANG BEITRE.
   850 | D:1      | 850 ||| READING scroll labelled EBREETIZEA.
   951 | D:1      | 951 ||| READING scroll labelled AHUMOP QAGRIS.
   952 | D:1      | 952 ||| DROPPING scroll of poison.
  1032 | D:2      | 1032 ||| SWAPPING to +4 sling.
  1033 | D:2      | 1033 ||| DROPPING +1 sling of freezing.
  1091 | D:2      | Reached skill level 4 in Ranged Weapons
  1153 | D:2      | Reached XP level 4. HP: 32/36 MP: 4/4
  1790 | D:2      | Reached skill level 5 in Ranged Weapons
  1904 | D:2      | 1904 ||| UPGRADING to ring of positive energy.
  1905 | D:2      | 1905 ||| READING scroll labelled VUYNAC RYQOH.
  1906 | D:2      | 1906 ||| READING scroll labelled SIHOOC GYIRI.
  1994 | D:3      | Identified the +2 leather armour of Bariaf {Dex+3}
  2437 | D:3      | 2437 ||| UPGRADING to +2 leather armour of Bariaf {Dex+3}.
  2447 | D:3      | 2447 ||| DROPPING +0 leather armour.
  2448 | D:3      | 2448 ||| UPGRADING to ring of resist corrosion.
  2479 | D:4      | Noticed a phantom
  2489 | D:4      | Killed a phantom
  2490 | D:4      | Reached XP level 5. HP: 46/46 MP: 5/5
  2624 | D:4      | 2624 ||| FLEEEEING.
  2625 | D:4      | 2625 ||| FLEEEEING.
  2629 | D:4      | 2629 ||| FLEEEEING.
  2630 | D:4      | 2630 ||| FLEEEEING.
  2631 | D:4      | 2631 ||| FLEEEEING.
  2632 | D:4      | 2632 ||| FLEEEEING.
  2633 | D:4      | 2633 ||| FLEEEEING.
  2637 | D:4      | 2637 ||| FLEEEEING.
  2638 | D:4      | 2638 ||| FLEEEEING.
  2639 | D:4      | 2639 ||| FLEEEEING.
  2640 | D:4      | 2640 ||| FLEEEEING.
  2641 | D:4      | 2641 ||| FLEEEEING.
  2642 | D:4      | 2642 ||| FLEEEEING.
  2643 | D:4      | 2643 ||| FLEEEEING.
  2644 | D:4      | 2644 ||| FLEEEEING.
  2650 | D:4      | 2650 ||| FLEEEEING.
  2651 | D:4      | 2651 ||| FLEEEEING.
  2652 | D:4      | 2652 ||| FLEEEEING.
  2653 | D:4      | 2653 ||| FLEEEEING.
  2654 | D:4      | 2654 ||| FLEEEEING.
  2655 | D:4      | 2655 ||| FLEEEEING.
  2656 | D:4      | 2656 ||| FLEEEEING.
  2657 | D:4      | 2657 ||| FLEEEEING.
  2660 | D:4      | 2660 ||| FLEEEEING.
  2661 | D:4      | 2661 ||| FLEEEEING.
  2662 | D:4      | 2662 ||| FLEEEEING.
  2663 | D:4      | 2663 ||| FLEEEEING.
  2664 | D:4      | 2664 ||| FLEEEEING.
  2665 | D:4      | 2665 ||| FLEEEEING.
  2666 | D:4      | 2666 ||| FLEEEEING.
  2669 | D:4      | 2669 ||| FLEEEEING.
  2670 | D:4      | 2670 ||| FLEEEEING.
  2675 | D:4      | 2675 ||| STAIRDANCE
  2713 | D:3      | 2713 ||| UPGRADING to +1 pair of gloves.
  2718 | D:3      | 2718 ||| READING scroll labelled USEUTUISKE.
  2759 | D:4      | Noticed Menkaure
  2765 | D:4      | Reached XP level 6. HP: 48/52 MP: 6/6
  2769 | D:4      | Killed Menkaure
  2770 | D:4      | Reached skill level 6 in Ranged Weapons
  2774 | D:4      | 2774 ||| FLEEEEING.
  2775 | D:4      | 2775 ||| FLEEEEING.
  2881 | D:4      | Reached skill level 1 in Armour
  2953 | D:4      | Noticed Eustachio
  2975 | D:4      | Killed Eustachio
  2976 | D:4      | Reached skill level 7 in Ranged Weapons
  2976 | D:4      | Reached XP level 7. HP: 52/59 MP: 7/7
  3026 | D:4      | 3026 ||| READING scroll of enchant armour.
  3026 | D:4      | 3026 ||| ENCHANTING +1 pair of gloves.
  3062 | D:4      | Reached skill level 3 in Dodging
  3115 | D:4      | Identified the +1 ring mail of the Original Sin {*Corrode
                  | rElec rC+}
  3343 | D:4      | 3343 ||| DROPPING +1 ring mail of the Original Sin
                  | {*Corrode rElec rC+}.
  3344 | D:4      | 3344 ||| READING scroll labelled UWYFEUC EMEWK.
  3345 | D:4      | 3345 ||| READING 3 scrolls of identify.
  3345 | D:4      | 3345 ||| IDENTIFYING silvery potion
  3346 | D:4      | 3346 ||| READING 2 scrolls of identify.
  3346 | D:4      | 3346 ||| IDENTIFYING puce potion
  3347 | D:4      | 3347 ||| DROPPING potion of brilliance.
  3357 | D:5      | Entered Level 5 of the Dungeon
  3399 | D:5      | Noticed Grinder
  3404 | D:5      | Paralysed by Grinder for 5 turns
  3413 | D:5      | Paralysed by Grinder for 3 turns
  3416 | D:5      | Killed Grinder
  3417 | D:5      | Reached skill level 8 in Ranged Weapons
  3627 | D:5      | Reached XP level 8. HP: 68/68 MP: 8/8
  3632 | D:5      | Found a staircase to the Ecumenical Temple.
  3633 | D:5      | 3633 ||| PLANNING TEMPLE
  3642 | D:5      | Reached skill level 9 in Ranged Weapons
  3648 | Temple   | Entered the Ecumenical Temple
  3918 | Temple   | 3918 ||| PLANNING D:1-11
  3994 | D:5      | 3994 ||| FLEEEEING.
  4002 | D:5      | 4002 ||| FLEEEEING.
  4003 | D:5      | 4003 ||| FLEEEEING.
  4004 | D:5      | 4004 ||| FLEEEEING.
  4005 | D:5      | 4005 ||| FLEEEEING.
  4007 | D:5      | 4007 ||| FLEEEEING.
  4008 | D:5      | 4008 ||| FLEEEEING.
  4009 | D:5      | 4009 ||| FLEEEEING.
  4011 | D:5      | 4011 ||| FLEEEEING.
  4012 | D:5      | 4012 ||| FLEEEEING.
  4013 | D:5      | 4013 ||| FLEEEEING.
  4016 | D:5      | 4016 ||| FLEEEEING.
  4017 | D:5      | 4017 ||| FLEEEEING.
  4018 | D:5      | 4018 ||| FLEEEEING.
  4019 | D:5      | 4019 ||| FLEEEEING.
  4020 | D:5      | 4020 ||| FLEEEEING.
  4021 | D:5      | 4021 ||| FLEEEEING.
  4023 | D:5      | 4023 ||| STAIRDANCE
  4052 | D:4      | 4052 ||| UPGRADING to +5 ring of evasion.
  4054 | D:4      | 4054 ||| READING scroll labelled JURGHU PEUFIUC.
  4137 | D:5      | Reached skill level 6 in Fighting
  4555 | D:5      | 4555 ||| Stepping ~*~*~tactically~*~*~ (outnumbered).
  4580 | D:5      | HP: 16/70 [poisoned by an orc wizard]
  4582 | D:5      | HP: 6/70 [poisoned by an orc wizard]
  4583 | D:5      | HP: 2/70 [poisoned by an orc wizard]
  4584 | D:5      | Succumbed to an orc wizard's poison

Levels and vault maps discovered:
D:1:      roderic_crossed_star, layout_basic, minmay_tetromino_l2
D:2:      layout_loops_corners, minivault_23
D:3:      layout_loops_ring
D:4:      layout_loops_cross, uniq_menkaure, uniq_eustachio
D:5:      layout_loops_ring, minmay_temple_entry_stoned_glass, st_stairs_8,
          uniq_grinder
Temple:   compressed_dpeg_triangle_lava_temple

Skill      XL: |  1  2  3  4  5  6  7  8 |
---------------+-------------------------+-----
Ranged Weapons | 3 4 5 7 8 9 |  9.2
Fighting       | 2 4 5 6 |  6.0
Armour         | 1 |  1.3
Dodging        | 3 4 |  4.5
Spellcasting   | |  1.0
Hexes          | |  2.0

Action                     |  1- 3 |  4- 6 |  7- 9 || total
---------------------------+-------+-------+-------++-------
   Fire: Sling             |   107 |   127 |   131 ||   365
    Use: Scroll            |     5 |     3 |     5 ||    13
 Armour: Robe              |     5 |       |       ||     5
         Leather armour    |     2 |    28 |    26 ||    56
  Dodge: Dodged            |    28 |    42 |    46 ||   116

Table legend:
 A = Non-vault XP
 B = Vault XP
 C = Vault XP percentage of total XP
 D = Non-vault monster count
 E = Vault monster count
 F = Vault count percentage of total count
                 A         B        C        D         E       F
            +---------+---------+-------+---------+---------+-------
      Total |    1346 |     659 |  32.9 |      89 |       7 |   7.3
            +---------+---------+-------+---------+---------+-------
        D:1 |      47 |       3 |   6.0 |      24 |       2 |   7.7
        D:2 |      89 |       0 |   0.0 |      23 |       0 |   0.0
        D:3 |      29 |       0 |   0.0 |      10 |       0 |   0.0
        D:4 |     403 |     348 |  46.3 |      14 |       2 |  12.5
        D:5 |     778 |     308 |  28.4 |      18 |       3 |  14.3
            +---------+---------+-------+---------+---------+-------
